 Dungeon Sprint DCSS version 0.22.0-16-gc6d26f6 (webtiles) character file.

5196 doot the Cleaver (level 10, 0/96 HPs)
             Began as a Minotaur Fighter on Aug 17, 2018.
             Was an Initiate of Gozag.
             Slain by Agnes
             ... wielding a +0 lajatang of pain
              (2 damage)
             ... in the Dungeon (Sprint IV: "Fedhas' Mad Dash").
             The game lasted 00:20:29 (3819 turns).

doot the Cleaver (Minotaur Fighter)                 Turns: 3819, Time: 00:20:30

Health: 0/96       AC: 31    Str: 20    XL:     10   Next: 34%
Magic:  14/14      EV:  5    Int:  5    God:    Gozag
Gold:   40         SH: 12    Dex: 14    Spells: 9/9 levels left

rFire    . . .     SeeInvis .   a - +0 war axe
rCold    . . .     Gourm    .   c - +0 shield
rNeg     . . .     Faith    .   g - +3 crystal plate armour
rPois    .         Spirit   .   (helmet restricted)
rElec    .         Reflect  .   s - +1 cloak
rCorr    .         Harm     .   (no gloves)
MR       .....     NoTele   +   q - +2 pair of boots
Stlth    ..........             l - amulet of invisibility {+Inv}
HPRegen  0.26/turn              (no ring)
MPRegen  0.14/turn              (no ring)

@: no status effects
A: retaliatory headbutt, horns 2
a: Potion Petition, Call Merchant, Bribe Branch, Renounce Religion, Evoke
Invisibility


You were in the Dungeon.
You worshipped Gozag.
Gozag was noncommittal.
You were not hungry.

You visited 1 branch You collected 2346 gold pieces.
You spent 2306 gold pieces at shops.

Inventory:

Hand Weapons
 a - a +0 war axe (weapon)
Armour
 b - a +0 scale mail
 c - a +0 shield (worn)
 e - a +0 scale mail
 g - a +3 crystal plate armour (worn)
 p - a +1 pair of boots of stealth
 q - a +2 pair of boots (worn)
 s - a +1 cloak (worn)
Jewellery
 l - the amulet of invisibility (around neck) {+Inv}
   (You found it in the Dungeon)

   [amulet of nothing]

   It lets you turn invisible.
Wands
 j - a wand of scattershot (6)
Scrolls
 f - 2 scrolls of magic mapping
 h - a scroll of identify
 k - 3 scrolls of blinking
Potions
 d - a potion of might
 i - 2 potions of magic
 r - a potion of haste
 t - a potion of curing
Miscellaneous
 n - a sack of spiders
Comestibles
 m - 2 rations


   Skills:
 + Level 11.5 Fighting
 + Level 14.3 Axes
 + Level 12.5 Armour
 + Level 5.5 Dodging
 + Level 9.1 Stealth
 + Level 11.5 Shields
 + Level 7.7 Evocations


You had 9 spell levels left.
You didn't know any spells.
Your spell library contained the following spells:

 Spells                   Type           Power        Failure   Level  Hunger
 Magic Dart               Conj           #...         100%        1    ##.....
 Conjure Flame            Conj/Fire      #.......     100%        3    ####...
 Bolt of Magma            Conj/Fire/Erth #.........   100%        5    ######.
 Slow                     Hex            #.......     100%        2    ###....
 Mephitic Cloud           Conj/Pois/Air  #.......     100%        3    ####...
 Teleport Other           Tloc           #.......     100%        3    ####...
 Blink                    Tloc           N/A          100%        2    ###....
 Ozocubu's Armour         Chrm/Ice       #.......     100%        3    ####...
 Call Imp                 Summ           #.......     100%        2    ###....
 Shatter                  Erth           #.........   100%        9    #######
 Sandblast                Erth           #.....       100%        1    ##.....
 Passage of Golubria      Tloc           N/A          100%        4    #####..
 Shroud of Golubria       Chrm/Tloc      #.........   100%        2    ###....
 Infusion                 Chrm           #...         100%        1    ##.....
 Gell's Gravitas          Tloc           #.........   100%        3    ####...
 Lesser Beckoning         Tloc           #.........   100%        3    ####...


Dungeon Overview and Level Annotations

Branches:
Dungeon (1/1)

Altars:
Cheibriados
Dithmenos
Elyvilon
Gozag
Hepliaklqana
Kikubaaqudgha
Makhleb
Nemelex Xobeh
Okawaru
Qazlal
Ru
Sif Muna
Trog
Uskayaw
Vehumet
Wu Jian
Xom
Yredelemnul
Zin
The Shining One
Beogh
Jiyva
Lugonu

Shops:
D ![***?

Annotations:
D Agnes


Innate Abilities, Weirdness & Mutations

You reflexively headbutt those who attack you in melee.
You have a pair of horns on your head.


Message History

Agnes is severely wounded.
Agnes barely misses you.
You closely miss Agnes.
Agnes is severely wounded.
Agnes hits you with a lajatang of pain!
You miss Agnes. Your headbutt misses Agnes.
Agnes is severely wounded.
Agnes hits you with a lajatang of pain!
* * * LOW HITPOINT WARNING * * *
You writhe in agony.
* * * LOW HITPOINT WARNING * * *
You block Agnes's attack.
Your crystal plate armour prevents you from hitting Agnes.
Your headbutt misses Agnes.
Agnes is severely wounded.
Agnes hits you with a lajatang of pain!!
* * * LOW HITPOINT WARNING * * *
You writhe in agony.
You die...
Your body crumbles into a pile of gold.

#)).'.._._._._._..'))#...#....').
#...#..._._._._...#..###'##...##∩
##'##.._._._._._..#.[##∩∩.'...###
'...#._._._._._.⌠.###############
#...###################.....[###.
#####♣♣♣♣♣..♣.###.'..'.....))')))
#..'......♣..♣##..#..#.P.....####
...#♣..♣♣♣.♣).###i##'##.P....#
...#.♣♣..♣...♣'.@.#*.♣########
#####*#############,..,,****
,,,,,,,,,,* ***,,*i.♣,,,,***
,,,,,,,,,,*****,,,*,...,,*,,,****
,,,,,,,,,,,,,,,,,,,*....,∩,∩,,,,*
,,,,,,,,,,,,********####*********
************* ******* *******
,,,* ***,,*****,,,∩∩***,,,,,***
,,,* *,,,,',,,,,,,,,**,,,,,,',*


You could see Agnes.

Vanquished Creatures
  A spriggan druid (D)
  6 oklob plants (D)
  A demonic crawler (D)
  3 burning bushes (D)
  A queen bee (D)
  A hornet (D)
  3 wandering mushrooms (D)
  2 scorpions (D)
  4 killer bees (D)
  5 oklob saplings (D)
  2 worker ants (D)
  5 spriggans (D)
  A river rat (D)
  A rat (D)
  2 ballistomycetes (D)
38 creatures vanquished.

Vanquished Creatures (others)
  6 ballistomycetes (D)
  4 ballistomycete spores (D)
  2 bushes (D)
  2 fungi (D)
14 creatures vanquished.

Grand Total: 52 creatures vanquished

Notes
Turn   | Place    | Note
-------+----------+-------------------------------------------
     0 | D        | doot the Minotaur Fighter began the quest for the Orb.
     0 | D        | Reached XP level 1. HP: 19/19 MP: 0/0
    12 | D        | Reached skill level 5 in Fighting
    12 | D        | Reached XP level 2. HP: 9/29 MP: 1/1
   230 | D        | Noticed an oklob sapling
   230 | D        | HP: 1/29 [acid (12)]
   539 | D        | Killed an oklob sapling
   539 | D        | Reached skill level 3 in Axes
   539 | D        | Reached skill level 5 in Armour
   539 | D        | Reached skill level 5 in Shields
   539 | D        | Reached XP level 3. HP: 37/37 MP: 2/2
   542 | D        | Found the amulet of invisibility {+Inv}
   546 | D        | Reached skill level 1 in Dodging
   695 | D        | Noticed an oklob sapling
   700 | D        | Killed an oklob sapling
   700 | D        | Reached skill level 4 in Axes
   700 | D        | Reached XP level 4. HP: 35/45 MP: 0/3
   786 | D        | Found an opulent altar of Gozag.
   786 | D        | Found a hazy altar of Hepliaklqana.
   786 | D        | Found a roughly hewn altar of Beogh.
   786 | D        | Found a snail-covered altar of Cheibriados.
   787 | D        | Found a viscous altar of Jiyva.
   787 | D        | Found a burning altar of Makhleb.
   787 | D        | Found a sparkling altar of Nemelex Xobeh.
   787 | D        | Found a sacrificial altar of Ru.
   787 | D        | Found a deep blue altar of Sif Muna.
   787 | D        | Found a bloodstained altar of Trog.
   787 | D        | Found an ornate altar of the Wu Jian Council.
   787 | D        | Found a shimmering altar of Xom.
   787 | D        | Found a basalt altar of Yredelemnul.
   788 | D        | Found an iron altar of Okawaru.
   788 | D        | Found a shadowy altar of Dithmenos.
   788 | D        | Found a glowing silver altar of Zin.
   789 | D        | Found a hide-covered altar of Uskayaw.
   789 | D        | Found an ancient bone altar of Kikubaaqudgha.
   790 | D        | Found a glowing golden altar of the Shining One.
   790 | D        | Found a stormy altar of Qazlal.
   790 | D        | Found a white marble altar of Elyvilon.
   791 | D        | Found a radiant altar of Vehumet.
   791 | D        | Found a corrupted altar of Lugonu.
   798 | D        | Reached skill level 5 in Axes
   798 | D        | Reached skill level 1 in Evocations
   798 | D        | Reached XP level 5. HP: 34/52 MP: 2/4
   804 | D        | Became a worshipper of Gozag Ym Sagoz the Greedy
   900 | D        | Reached skill level 1 in Stealth
   913 | D        | Reached skill level 6 in Axes
  1029 | D        | Found Dixtucy's Antique Armour Shop.
  1030 | D        | Found Orghy's Distillery.
  1037 | D        | Noticed a burning bush
  1037 | D        | Noticed a wandering mushroom
  1038 | D        | Noticed a wandering mushroom
  1045 | D        | Reached skill level 7 in Axes
  1045 | D        | Reached XP level 6. HP: 61/61 MP: 5/7
  1069 | D        | Killed a wandering mushroom
  1069 | D        | Reached skill level 8 in Axes
  1348 | D        | Reached XP level 7. HP: 69/69 MP: 8/8
  1439 | D        | Killed a burning bush
  1439 | D        | Reached skill level 10 in Axes
  1451 | D        | Found Omumeg's General Store.
  1452 | D        | Found Veak's General Store.
  1454 | D        | Identified Atuilaz's Almanac of Earth and Augmentations
  1459 | D        | Bought a ration for 60 gold pieces
  1459 | D        | Bought a ration for 60 gold pieces
  1576 | D        | Noticed a queen bee
  1587 | D        | Reached skill level 10 in Armour
  1601 | D        | HP: 2/70 [killer bee (2)]
  1605 | D        | Killed a queen bee
  1605 | D        | Reached XP level 8. HP: 39/79 MP: 10/10
  1607 | D        | Reached skill level 11 in Axes
  1781 | D        | Noticed an oklob plant
  1795 | D        | Killed an oklob plant
  1795 | D        | Reached skill level 10 in Fighting
  1795 | D        | Reached skill level 10 in Shields
  1941 | D        | Noticed a burning bush
  1954 | D        | Killed a burning bush
  1954 | D        | Reached skill level 12 in Axes
  1954 | D        | Reached skill level 5 in Dodging
  1954 | D        | Reached skill level 5 in Evocations
  2011 | D        | Bought a +1 crystal plate armour for 1044 gold pieces
  2011 | D        | Bought a scroll of enchant armour for 90 gold pieces
  2142 | D        | Noticed a burning bush
  2142 | D        | Noticed an oklob plant
  2147 | D        | Noticed a wandering mushroom
  2151 | D        | Killed a burning bush
  2151 | D        | Reached skill level 5 in Stealth
  2151 | D        | Reached XP level 9. HP: 86/86 MP: 8/11
  2161 | D        | Killed an oklob plant
  2305 | D        | Bought a potion of heal wounds for 65 gold pieces
  2362 | D        | Noticed a spriggan druid
  2380 | D        | Killed a spriggan druid
  2380 | D        | Reached skill level 13 in Axes
  2583 | D        | Noticed an oklob plant conjurer
  2588 | D        | Killed an oklob plant conjurer
  2755 | D        | Noticed an oklob plant
  2755 | D        | Noticed an oklob plant summoner
  2759 | D        | Noticed an oklob plant shifter
  3028 | D        | Killed an oklob plant
  3165 | D        | Killed an oklob plant summoner
  3165 | D        | Reached XP level 10. HP: 87/95 MP: 12/14
  3172 | D        | Killed an oklob plant shifter
  3172 | D        | Reached skill level 14 in Axes
  3401 | D        | Noticed a spriggan rider
  3425 | D        | Found Veaces's General Store.
  3453 | D        | Found Jamy's Magic Scroll Shoppe.
  3608 | D        | Bought a ration for 65 gold pieces
  3608 | D        | Bought a scroll of identify for 26 gold pieces
  3608 | D        | Bought a scroll of enchant armour for 97 gold pieces
  3608 | D        | Bought a +2 pair of boots for 214 gold pieces
  3611 | D        | Bought a scroll of blinking for 90 gold pieces
  3611 | D        | Bought a scroll of blinking for 90 gold pieces
  3611 | D        | Bought a scroll of magic mapping for 42 gold pieces
  3718 | D        | Bought a potion of haste for 120 gold pieces
  3734 | D        | Bought a glowing cloak for 210 gold pieces
  3743 | D        | Bought a potion of curing for 33 gold pieces
  3802 | D        | Noticed Agnes
  3819 | D        | HP: 2/96 [Agnes/lajatang of pain (18)]
  3819 | D        | Slain by Agnes

Skill      XL: |  1  2  3  4  5  6  7  8  9 10 |
---------------+-------------------------------+-----
Fighting       | 5 6 7 8 9 10 11 | 11.5
Armour         | 4 5 6 7 8 9 10 11 12 | 12.5
Shields        | 4 5 6 7 8 9 10 11 | 11.5
Axes           | 3 4 5 7 8 10 12 13 14 | 14.3
Dodging        | 1 3 4 5 |  5.5
Evocations     | 1 3 4 5 7 |  7.7
Stealth        | 2 3 5 8 9 |  9.1

Action                   |  1- 3 |  4- 6 |  7- 9 | 10-12 || total
-------------------------+-------+-------+-------+-------++-------
Melee: War axe           |    17 |    32 |   131 |    61 ||   241
       Headbutt          |     3 |     7 |    43 |    10 ||    63
Invok: Potion Petition   |       |       |     1 |       ||     1
 Abil: Evoke Invisibilit |     1 |     2 |     7 |       ||    10
  Use: Potion            |       |     1 |     2 |     2 ||     5
       Scroll            |       |       |     1 |     2 ||     3
 Stab: Invisible         |       |     2 |    14 |     1 ||    17
       Distracted        |       |       |     1 |       ||     1
  Eat: Ration            |       |     1 |     2 |     1 ||     4
Armor: Scale mail        |     3 |     2 |     7 |       ||    12
       Crystal plate arm |       |       |    16 |    23 ||    39
Dodge: Dodged            |     4 |     9 |    31 |     8 ||    52
Block: Shield            |     3 |    12 |    49 |    26 ||    90
